 Dungeon Crawl Stone Soup version 0.29.1-4-g47bece8355 (webtiles) character file.

Game seed: 3688067039984256321

7 DoIIoM the Caller (level 2, 0/17 HPs)
             Began as an Octopode Summoner on Dec 2, 2022.
             Slain by a goblin
             ... wielding a +0 club
              (3 damage)
             ... on level 1 of the Dungeon.
             The game lasted 00:00:59 (109 turns).

DoIIoM the Caller (Octopode Summoner)                Turns: 109, Time: 00:01:00

Health: 0/17       AC:  1    Str:  7    XL:     2   Next: 0%
Magic:  3/5        EV: 13    Int: 17    God:
Gold:   0          SH:  0    Dex: 12    Spells: 4/5 levels left

rFire   . . .      SeeInvis .   c - +0 spear
rCold   . . .      Faith    .   (no shield)
rNeg    . . .      Spirit   .   (helmet restricted)
rPois   .          Reflect  .   (no amulet)
rElec   .          Harm     .   (no ring)
rCorr   .          Rampage  .   (no ring)
Will    .....                   (no ring)
Stlth   +++.......              (no ring)
HPRegen 0.05/turn               (no ring)
MPRegen 0.09/turn               (no ring)
                                (no ring)
                                (no ring)

@: no status effects
A: almost no armour, amphibious, 8 rings, camouflage 1, gelatinous body 1,
(nimble swimmer 1), tentacles
a: no special abilities


You were on level 1 of the Dungeon.
You visited 1 branch of the dungeon, and saw 1 of its levels.

Inventory:

Hand Weapons
 c - a +0 spear (weapon)
Scrolls
 b - a scroll of blinking {unknown}
Potions
 a - a potion of magic
 d - a potion of degeneration {unknown}
 e - a potion of ambrosia {unknown}


   Skills:
 - Level 2.0 Dodging
 + Level 3.1 Stealth
 + Level 2.1 Spellcasting
 + Level 4.1 Summonings


You had 4 spell levels left.
You knew the following spells:

 Your Spells              Type           Power      Damage    Failure   Level
a - Summon Small Mammal   Summ           60%        N/A       3%          1

Your spell library contained the following spells:

 Spells                   Type           Power      Damage    Failure   Level
 Call Imp                 Summ           15%        N/A       5%          2
 Call Canine Familiar     Summ           15%        N/A       11%         3
 Summon Guardian Golem    Hex/Summ       8%         N/A       24%         3
 Summon Lightning Spire   Summ/Air       8%         N/A       63%         4


Dungeon Overview and Level Annotations

Branches:
Dungeon (1/15)

Altars:


Innate Abilities, Weirdness & Mutations

You cannot wear most types of armour.
You are amphibious.
You can wear up to eight rings at the same time.
Your skin changes colour to match your surroundings (Stealth+).
Your rubbery body absorbs attacks. (AC +1, EV +1)
((You are camouflaged when in or above water. (Stealth+)))
You have tentacles for arms and can constrict up to eight enemies at once.


Message History

A frilled lizard comes into view.
Your quokka barely misses the ball python.
The ball python barely misses your quokka.
The ball python grabs your quokka. The ball python constricts your quokka.
You closely miss the hobgoblin. Your grab misses the hobgoblin.
Your quokka bites the ball python.
The ball python dies!
The hobgoblin barely misses you.
Your Stealth skill increases to level 3!
You hit the hobgoblin. You grab the hobgoblin.
The hobgoblin is almost dead.
You constrict the hobgoblin, but do no damage.
The hobgoblin misses you.
You hit the hobgoblin.
You kill the hobgoblin!
The kobold completely misses your quokka.
The goblin barely misses you.
You hit the goblin. You grab the goblin.
The goblin is moderately wounded.
You constrict the goblin, but do no damage.
Your quokka closely misses the kobold.
The goblin barely misses you.
The kobold hits your quokka but does no damage.
You hit the goblin but do no damage.
The goblin is moderately wounded.
You constrict the goblin. Your quokka misses the kobold.
The kobold barely misses your quokka. The goblin hits you with a +0 club.
* * * LOW HITPOINT WARNING * * *
Your quokka barely misses the kobold.
You release your grip on the goblin.
The kobold closely misses your quokka.
A goblin breaks down the door.
Your quokka barely misses the kobold.
You closely miss the frilled lizard. You grab the frilled lizard.
You constrict the frilled lizard.
You kill the frilled lizard!
Your quokka barely misses the kobold.
The kobold misses your quokka.
You have reached level 2!
You closely miss the goblin. Your grab misses the goblin.
The goblin is heavily wounded.
Your quokka barely misses the kobold.
The kobold barely misses your quokka. The goblin hits you with a +0 club.
You die...

######
##########....####
...####.....Kr.†@g.....#
........'########'.....+
#######.# #.....# ##.#
..!..# ##.g# .#.....
#####.S.# .##.###
.S......# .. .#
#####.#K# .. # #.#.#


You could see a goblin, a kobold (ally target) and a friendly quokka (summoned).

Vanquished Creatures
  A bat (D:1)
  A hobgoblin (D:1)
  A frilled lizard (D:1)
  A rat (D:1)
4 creatures vanquished.

Vanquished Creatures (collateral kills)
  A ball python (D:1)
  A hobgoblin (D:1)
2 creatures vanquished.

Grand Total: 6 creatures vanquished

Notes
Turn   | Place    | Note
-------+----------+-------------------------------------------
     0 | D:1      | DoIIoM the Octopode Summoner began the quest for the Orb.
     0 | D:1      | Reached XP level 1. HP: 11/11 MP: 3/3
   109 | D:1      | Reached XP level 2. HP: 3/17 MP: 3/5
   109 | D:1      | Slain by a goblin

Illustrated notes

Levels and vault maps discovered:
D:1:      denvon_arrival_hothouse, layout_basic, minivault_11,
          minmay_tetromino_i4

Skill      XL: |  1 |
---------------+----+-----
Stealth        | 3 |  3.1
Dodging        | |  2.0
Spellcasting   | |  2.1
Summonings     | |  4.1

Action                   || total
-------------------------++-------
Melee: Spear             ||    13
       Constrict         ||     4
 Cast: Summon Small Mamm ||     5
Armor: Skin              ||     4
Dodge: Dodged            ||    18
